 Dungeon Crawl Stone Soup version 0.28-a0-1624-g820543e53a (webtiles) character file.

Game seed: 4468980088739835365

11595 gimp the Thaumaturge (level 11, -3/60 HPs)
             Began as a Tengu Wanderer on Jan 23, 2022.
             Was an Elder of Vehumet.
             Killed from afar by a fire dragon (36 damage)
             ... with a blast of flame
             ... on level 10 of the Dungeon.
             The game lasted 00:28:11 (11860 turns).

gimp the Thaumaturge (Tengu Wanderer)              Turns: 11860, Time: 00:28:11

Health: -3/60      AC:  7    Str: 18    XL:     11   Next: 80%
Magic:  27/27      EV: 19    Int: 16    God:    Vehumet [****..]
Gold:   491        SH:  0    Dex: 14    Spells: 25/32 levels left

rFire   . . .      SeeInvis .   b - staff of conjuration
rCold   . . .      Faith    .   (no shield)
rNeg    + + .      Spirit   .   p - +0 robe
rPois   +          Reflect  .   (helmet restricted)
rElec   .          Harm     .   g - +2 ratskin cloak {*Rats rPois rN+ Str-1 Int-1 Dex+1}
rCorr   .          Rampage  .   j - +1 pair of gloves
Will    .....                   (boots unavailable)
Stlth   ++........              l - amulet of regeneration
HPRegen 1.00/turn               f - ring of positive energy
MPRegen 0.20/turn               o - +6 ring of strength

@: flying quickly and evasively, quick
A: beak, talons 3, nimble flight
a: Renounce Religion


You were on level 10 of the Dungeon.
You worshipped Vehumet.
Vehumet was greatly pleased with you.
You visited 1 branch of the dungeon, and saw 10 of its levels.

You collected 491 gold pieces.

Inventory:

Hand Weapons
 a - a +3 short sword of venom
 x - a +1 dagger of venom
Missiles
 q - 13 poisoned darts (quivered)
 A - 2 throwing nets
Armour
 g - the +2 ratskin cloak (worn) {*Rats rPois rN+ Str-1 Int-1 Dex+1}
   (You found it on level 6 of the Dungeon)

   When the wearer is hurt, rats may emerge from it to assist them.
   Str:       It affects your strength (-1).
   Int:       It affects your intelligence (-1).
   Dex:       It affects your dexterity (+1).
   rPois:     It protects you from poison.
   rN:        It protects you from negative energy.
 j - a +1 pair of gloves (worn)
 p - a +0 robe (worn)
 D - a +0 buckler
Magical Staves
 b - a staff of conjuration (weapon)
Jewellery
 c - a ring of willpower
 e - a ring of protection from fire
 f - a ring of positive energy (left hand)
 h - an amulet of the acrobat
 l - an amulet of regeneration (around neck)
 o - a +6 ring of strength (right hand)
 r - a ring of fire
Wands
 n - a wand of digging (13)
 s - a wand of iceblast (9)
 C - a wand of polymorph (15)
 E - a wand of flame (13)
Scrolls
 d - 3 scrolls of teleportation
 t - 3 scrolls of blinking
 u - a scroll of identify
 v - a scroll of enchant armour
 w - 3 scrolls of enchant weapon
 y - a scroll of magic mapping
 z - a scroll of amnesia
Potions
 i - a potion of heal wounds
 k - 6 potions of curing
 m - 2 potions of mutation
 B - a potion of magic


   Skills:
 * Level 3.2 Fighting
 - Level 4.0 Short Blades
 - Level 1.1 Armour
 - Level 9.1 Dodging
 - Level 1.0 Stealth
 * Level 11.0 Spellcasting
 * Level 9.9 Conjurations
 - Level 1.2 Summonings
 - Level 8.0 Air Magic
 - Level 4.0 Poison Magic
 + Level 1.2 Evocations


You had 25 spell levels left.
You knew the following spells:

 Your Spells              Type           Power      Damage    Failure   Level
a - Shock                 Conj/Air       100%       1d9       1%          1
b - Poisonous Vapours     Pois/Air       56%        N/A       1%          2
c - Airstrike             Air            17%        N/A       1%          4

Your spell library contained the following spells:

 Spells                   Type           Power      Damage    Failure   Level
 Sticky Flame             Conj/Fire      37%        2d6       3%          4
 Corpse Rot               Necr/Air       42%        N/A       2%          2
 Summon Small Mammal      Summ           48%        N/A       4%          1
 Animate Skeleton         Necr           16%        N/A       9%          1
 Pain                     Necr           32%        1d5       9%          1
 Summon Guardian Golem    Hex/Summ       10%        N/A       19%         3
 Vampiric Draining        Necr           8%         2d6       24%         3
 Cause Fear               Hex            4%         N/A       63%         4
 Dragon Form              Tmut           4%         N/A       100%        7
 Dragon's Call            Summ           6%         N/A       100%        9


Dungeon Overview and Level Annotations

Branches:
Dungeon (10/15)            Temple (0/1) D:6            Lair (0/6) D:8
    Orc: D:9-12

Altars:
Dithmenos
Fedhas
Gozag
Kikubaaqudgha
Makhleb
Nemelex Xobeh
Okawaru
Trog
Vehumet
Xom
Yredelemnul
Beogh
Jiyva

Shops:
D:8 (

Annotations:
D:3 3 runed translucent doors, Sabo's ghost, weakling DsAK
D:10 Snorg


Innate Abilities, Weirdness & Mutations

You have a beak for a mouth.
You have claws for feet.
Your magical nature lets you fly swiftly and evasively.


Message History

Poisonous vapours surround the centaur!
The centaur looks as sick as possible!
Your hell rat bites the centaur.
The centaur unwields a +0 shortbow.
The centaur barely misses your hell rat.
The centaur kicks your hell rat.
You now have 22/27 mp.
You kill the centaur!
Vehumet accepts your kill.
Things that are here:
a +0 shortbow; 25 arrows; a centaur corpse HP restored.
Magic restored.
You reach down and open the door.
Found a robe.
Your hell rat returns to the shadows of the Dungeon!
Health restored: 60; MP restored: 27
There is an open door here.
You reach down and open the door.
There is an open door here.
You reach down and open the door.
There is an open door here.
A fire dragon comes into view.
Found 132 gold pieces, 23 bolts and a battleaxe.
The fire dragon roars deafeningly!
You hear an angry hiss.
A wyvern comes into view.
The fire dragon breathes flames at you. The blast of flame misses you.
There is an open door here.
An ice dragon comes into view.
Found a turquoise-studded scale mail, 5 datura-tipped darts and 81 gold pieces.
The ice dragon roars deafeningly!
The ice dragon breathes frost at you. The blast of cold hits you!!
Ouch! That really hurt!
A river rat scurries out from under your cloak.
You take 33 damage, and have 27/60 hp.
MASSIVE DAMAGE!!
There is an open door here.
The fire dragon breathes flames at you. The blast of flame hits you!!!
Ouch! That really hurt!
You die... #................. #.)##############. #...#.[....#....#. #...'......#....#. ##########...#......#....#. ##.......##..#########....## ##$$##..##.##..#...............#. )$$$

#.##$. ##r#...............#.
$$(###.#$.. #.#@.........#....#.
Dl #.'.#([D #.'.##########....##
. ##.#.#$$$ #.#.................
##..#.##$$ ##.#.................
##...#..#####D.#.................
....###.......##..........#######
################..........#
..........................#
..........................#


You could see a fire dragon (catching breath).

Vanquished Creatures
  Harold (D:8)
  A hydra (D:9)
  Erica (D:8)
  2 two-headed ogres
  3 death yaks (D:8)
  A troll (D:10)
  Prince Ribbit (D:6)
  A hornet (D:9)
  A wraith (D:9)
  2 wyverns
  8 yaks
  2 vampire mosquitoes (D:10)
  2 steam dragons
  Duvessa (D:7)
  2 orc warriors (D:9)
  An ice beast (D:7)
  A necrophage (D:6)
  A hornet zombie (D:9)
  2 ogres
  2 sky beasts (D:6)
  2 centaurs
  2 kobold brigands
  2 gnoll sergeants
  2 bullfrogs
  2 scorpions
  A wyvern zombie (D:8)
  A water moccasin skeleton (D:6)
  2 wyvern skeletons
  Dowan (D:7)
  13 killer bees
  5 electric eels
  3 howler monkeys
  A centaur zombie (D:8)
  3 hounds
  3 orc priests
  2 iguanas (D:7)
  4 jellies (D:8)
  A centaur skeleton (D:7)
  A scorpion zombie (D:5)
  5 orc wizards
  A hound skeleton (D:4)
  2 howler monkey zombies (D:9)
  10 gnolls
  4 adders
  A river rat (D:8)
  A shadow imp (D:6)
  An ufetubus (D:6)
  3 dart slugs
  34 orcs
  5 ball pythons
  5 bats
  6 endoplasms
  5 giant cockroaches
  17 goblins
  5 hobgoblins
  10 jackals
  13 kobolds
  3 quokkas
  3 frilled lizards
  3 rats
  A spectral goblin (D:3)
225 creatures vanquished.

Vanquished Creatures (collateral kills)
  A yak (D:8)
  3 orc warriors
  An ogre (D:9)
  3 killer bees (D:8)
  A centaur zombie (D:10)
  An adder (D:6)
10 creatures vanquished.

Vanquished Creatures (others)
  A human (D:3)
  14 plants (D:9)
15 creatures vanquished.

Grand Total: 250 creatures vanquished

Notes
Turn   | Place    | Note
-------+----------+-------------------------------------------
     0 | D:1      | gimp the Tengu Wanderer began the quest for the Orb.
     0 | D:1      | gimp set off with the following items: a +0 dagger, a +0
                  | robe, a potion of attraction; and the following spells
                  | available to memorise: Shock, Summon Small Mammal,
                  | Poisonous Vapours, Summon Guardian Golem, Airstrike
     0 | D:1      | Reached XP level 1. HP: 12/12 MP: 4/4
     2 | D:1      | Learned a level 1 spell: Shock
   120 | D:1      | You fall into a shaft and drop 1 floor!
   174 | D:1      | Reached skill level 1 in Conjurations
   212 | D:1      | Reached XP level 2. HP: 16/16 MP: 0/6
   698 | D:1      | Reached XP level 3. HP: 20/20 MP: 0/7
  1485 | D:2      | Reached XP level 4. HP: 10/25 MP: 2/9
  1673 | D:2      | Found a radiant altar of Vehumet.
  1685 | D:2      | Became a worshipper of Vehumet
  1960 | D:2      | Found the +13 scythe of Curses {drain, Drain}
  2123 | D:3      | Noticed a human
  2123 | D:3      | Found an ancient bone altar of Kikubaaqudgha.
  2128 | D:3      | Killed a human
  2218 | D:3      | Found a faded altar of an unknown god.
  2271 | D:3      | Found a runed translucent gate.
  2272 | D:3      | Found a runed translucent gate.
  2272 | D:3      | Found a runed translucent gate.
  2273 | D:3      | Noticed Sabo's ghost (weakling DsAK)
  2301 | D:3      | Reached skill level 1 in Short Blades
  2432 | D:3      | Learned a level 2 spell: Poisonous Vapours
  2437 | D:3      | Learned a level 4 spell: Airstrike
  2704 | D:3      | Reached skill level 3 in Spellcasting
  3098 | D:3      | Noticed an ogre
  3102 | D:3      | Gained mutation: Your magical nature lets you fly swiftly
                  | and evasively. [Tengu growth]
  3102 | D:3      | Reached XP level 5. HP: 26/29 MP: 6/10
  3138 | D:3      | Killed an ogre
  3420 | D:4      | Found a sparkling altar of Nemelex Xobeh.
  3478 | D:4      | Reached XP level 6. HP: 24/34 MP: 2/12
  3576 | D:4      | Reached * piety under Vehumet
  3576 | D:4      | Offered knowledge of Sandblast by Vehumet.
  3740 | D:4      | Reached skill level 5 in Air Magic
  4069 | D:5      | Entered Level 5 of the Dungeon
  4455 | D:5      | Reached skill level 4 in Spellcasting
  4624 | D:5      | Reached XP level 7. HP: 35/38 MP: 7/14
  4716 | D:5      | Found a burning altar of Makhleb.
  4716 | D:5      | Found a radiant altar of Vehumet.
  4716 | D:5      | Found a basalt altar of Yredelemnul.
  4959 | D:6      | Noticed Prince Ribbit
  4977 | D:6      | Killed Prince Ribbit
  5102 | D:6      | Found the +2 ratskin cloak {*Rats rPois rN+ Str-1 Int-1
                  | Dex+1}
  5184 | D:6      | Reached skill level 5 in Spellcasting
  5184 | D:6      | Reached XP level 8. HP: 37/43 MP: 10/16
  5279 | D:6      | Found a blossoming altar of Fedhas.
  5279 | D:6      | Found an iron altar of Okawaru.
  5287 | D:6      | Found an opulent altar of Gozag.
  5289 | D:6      | Found a shadowy altar of Dithmenos.
  5291 | D:6      | Found a faded altar of an unknown god.
  5324 | D:6      | Found a staircase to the Ecumenical Temple.
  5570 | D:6      | Found a bloodstained altar of Trog.
  5702 | D:6      | Reached skill level 1 in Poison Magic
  6049 | D:7      | Reached skill level 6 in Spellcasting
  6522 | D:7      | Offered knowledge of Freeze by Vehumet.
  6524 | D:7      | Reached ** piety under Vehumet
  6531 | D:7      | Reached XP level 9. HP: 47/47 MP: 13/20
  7171 | D:7      | Reached skill level 7 in Spellcasting
  7201 | D:7      | Noticed Duvessa
  7210 | D:7      | Noticed Dowan
  7232 | D:7      | Killed Duvessa
  7318 | D:7      | Killed Dowan
  7508 | D:7      | Found a shimmering altar of Xom.
  7843 | D:8      | Found a viscous altar of Jiyva.
  8000 | D:8      | Noticed a death yak
  8002 | D:8      | Noticed a death yak
  8004 | D:8      | Noticed a death yak
  8007 | D:8      | Noticed a two-headed ogre
  8017 | D:8      | Noticed Harold
  8044 | D:8      | Killed a death yak
  8045 | D:8      | Reached skill level 5 in Dodging
  8045 | D:8      | Reached skill level 8 in Spellcasting
  8047 | D:8      | Killed a two-headed ogre
  8048 | D:8      | Reached skill level 9 in Spellcasting
  8048 | D:8      | Reached XP level 10. HP: 52/52 MP: 13/24
  8056 | D:8      | Killed Harold
  8057 | D:8      | Reached skill level 5 in Conjurations
  8400 | D:8      | Noticed Erica
  8534 | D:8      | Found a staircase to the Lair.
  8649 | D:8      | Offered knowledge of Conjure Flame by Vehumet.
  8873 | D:8      | Killed Erica
  8874 | D:8      | Reached skill level 10 in Spellcasting
  8974 | D:8      | Found Nuhuraf's Weapon Emporium.
  9080 | D:8      | Reached *** piety under Vehumet
  9089 | D:8      | Reached XP level 11. HP: 47/56 MP: 15/26
  9200 | D:8      | Killed a death yak
  9409 | D:8      | Killed a death yak
  9650 | D:9      | Reached skill level 11 in Spellcasting
  9866 | D:9      | Offered knowledge of Mephitic Cloud by Vehumet.
 10082 | D:9      | Noticed a two-headed ogre
 10425 | D:9      | Killed a two-headed ogre
 10499 | D:9      | Noticed a six-headed hydra
 10501 | D:9      | Reached **** piety under Vehumet
 10646 | D:9      | Offered knowledge of Sticky Flame by Vehumet.
 10988 | D:9      | Killed a six-headed hydra
 11160 | D:10     | Entered Level 10 of the Dungeon
 11633 | D:10     | Noticed Snorg
 11828 | D:10     | Noticed a fire dragon
 11854 | D:10     | Noticed an ice dragon
 11860 | D:10     | Killed from afar by a fire dragon

Illustrated notes

Levels and vault maps discovered:
D:1:      dpeg_arrival_rooms_a, layout_basic
D:2:      layout_basic, basic_altar
D:3:      layout_rooms, tgw_kikubaaqudgha,
          dreamdust_ecumenical_altar_drowned_temple, ebering_ghost_rock_garden,
          minmay_misc_feat_nine_boxes, kennysheep_small_spiral,
          minmay_ogre_servants
D:4:      layout_gridville, nemelex_diamond_rough_becter,
          hangedman_decor_peaks_small
D:5:      layout_basic, gammafunk_temple_overflow_claw,
          chequers_serial_rivers_room_b
D:6:      layout_cave_pools, nicolae_overflow_crystal_walls,
          chequers_temple_overflow_minitemple, minmay_temple_entry_proselytizer,
          uniq_prince_ribbit1
D:7:      layout_basic, mainiacjoe_overflow_alcove_4, kennysheep_generic_room_5,
          uniq_duvessa
D:8:      statuecave_lemuel, layout_basic, dpeg_lair_monsters, serial_shops,
          kennysheep_mini, dk_vineyard_2, hangedman_glass_teeth,
          amcnicky_mini_corridor_feature, amcnicky_mini_pool_small,
          hex_intersection, jiyva_altar_1, uniq_harold, uniq_erica
D:9:      layout_cave_pools, special_room [special_room_orc],
          serial_bayou_lagoon_a
D:10:     minmay_the_grid_3x2 [minmay_the_grid_minigrid_medium,
          minmay_the_grid_square_x, minmay_the_grid_dragon_a,
          minmay_the_grid_rooms, minmay_the_grid_dragon_b,
          minmay_the_grid_prize_trominoes], layout_grid_maze,
          kennysheep_generic_room_15, uniq_snorg, uniq_nergalle

Skill      XL: |  1  2  3  4  5  6  7  8  9 10 11 |
---------------+----------------------------------+-----
Conjurations   | 1 2 3 4 7 9 |  9.9
Air Magic      | 3 4 5 7 8 |  8.0
Short Blades   | 1 2 3 4 |  4.0
Spellcasting   | 3 4 5 6 9 10 11 | 11.0
Poison Magic   | 2 4 |  4.0
Dodging        | 3 5 7 9 |  9.1
Fighting       | 3 |  3.2
Armour         | |  1.1
Stealth        | |  1.0
Summonings     | |  1.2
Evocations     | |  1.2

Action                   |  1- 3 |  4- 6 |  7- 9 | 10-12 || total
-------------------------+-------+-------+-------+-------++-------
Melee: Dagger            |     4 |     1 |       |       ||     5
       Peck              |     1 |     4 |     4 |       ||     9
       Short sword       |       |    13 |    22 |       ||    35
       Kick              |       |     4 |     9 |     2 ||    15
       Staff             |       |       |     1 |     9 ||    10
Throw: Dart              |       |       |     2 |       ||     2
 Cast: Shock             |    75 |   126 |   155 |   207 ||   563
       Poisonous Vapours |       |       |    42 |    75 ||   117
       Airstrike         |       |       |     2 |    31 ||    33
Evoke: Wand              |       |       |     5 |     4 ||     9
  Use: Scroll            |       |    15 |     2 |     4 ||    21
       Potion            |       |       |       |     1 ||     1
Armor: Robe              |     2 |     6 |    17 |    38 ||    63
       Skin              |       |       |       |     3 ||     3
Dodge: Dodged            |     9 |    31 |    56 |   150 ||   246

Table legend: (Time is in decaauts)
 A = Elapsed time spent in this place.
 B = Non-inter-level travel time spent in this place.
 C = Inter-level travel time spent in this place.
 D = Time resting spent in this place.
 E = Time spent auto-exploring this place.
 F = Levels seen in this place.
 G = Mean time per level.
                   A        B        C        D        E       F      G
               +--------+--------+--------+--------+--------+-----+--------+
         Total |  11391 |  10892 |    499 |    238 |   8670 |  10 | 1139.1 |
       Dungeon |  11391 |  10892 |    499 |    238 |   8670 |  10 | 1139.1 |
               +--------+--------+--------+--------+--------+-----+--------+

Top non-repeatable levels by time:
     D:7: 1974 daAuts
     D:8: 1882 daAuts
     D:3: 1309 daAuts
     D:9: 1159 daAuts
     D:1: 1107 daAuts
     D:2: 1015 daAuts
     D:6: 921 daAuts
     D:5: 704 daAuts
    D:10: 659 daAuts
     D:4: 658 daAuts
